AoeStats
← Lord_Wilfredo

Pilgrims

509569609Analyzed
4v4 RM · 5d ago on Sep 27, 2026· 37m 50s· 8 players
Game mode
Random Map
Map size
Large (8 player)
Population
200
Speed
Normal
Resources
Standard
Victory
Conquest
Starting age
Dark Age
Ending age
Imperial Age
RankedLock teamsTeams togetherTeam positionsShared explorationLock speedFull tech treeHidden civsTurbo modeCheats
Victory
Defeat
🇨🇳 Franks · China
1386
+13
1289
+17
🇹🇼 Jurchens · Taiwan
1280
+18
🇨🇳 Wu · China
1242
+20
🇨🇳 Spanish · China
1344
-18
🇦🇷 Britons · Argentina
1343
-18
🇦🇷 Varangians · Argentina
1314
-17
🇨🇳 Bohemians · China
1270
-15
KuKaracha
5:40 Loom
10:33 Feudal Age
14:03 Castle Age
12:26 Horse Collar
13:52 Arson
15:53 Squires
26:09 Fletching
26:20 Padded Archer Armor
26:24 Scale Mail Armor
28:51 Chain Mail Armor
28:31 Gambesons
28:49 Elite Skirmisher
29:26 Double-Bit Axe
Lord_Wilfredo
6:52 Loom
12:02 Feudal Age
14:23 Fletching
18:24 Castle Age
16:45 Double-Bit Axe
_XD_XiaoXiao
6:53 Loom
11:57 Feudal Age
19:48 Castle Age
LUPIN IV
4:55 Loom
10:33 Feudal Age
15:55 Castle Age
15:37 Double-Bit Axe
27:47 Bow Saw
29:50 Wheelbarrow
33:28 Imperial Age
35:52 Chemistry
35:41 Fletching
35:31 Elite Hussite Wagon
Nomore
10:43 Loom
12:48 Feudal Age
13:23 Man-at-Arms
13:55 Loom
13:58 Town Watch
14:48 Wheelbarrow
15:50 Arson
17:26 Forging
17:11 Double-Bit Axe
18:21 Fishing Lines
22:26 Castle Age
21:14 Scale Barding Armor
23:32 Hand Cart
23:40 Gold Mining
24:06 Bow Saw
24:36 Chain Barding Armor
24:26 Husbandry
25:05 Iron Casting
24:28 Stone Mining
25:46 Gillnets
30:17 Imperial Age
29:42 Gold Shaft Mining
31:19 Chivalry
31:56 Plate Barding Armor
30:44 Cavalier
32:42 Blast Furnace
32:06 Conscription
33:35 Paladin
36:32 Light Cavalry
37:13 Scale Mail Armor
39:17 Chemistry
38:38 Ballistics
37:59 Treadmill Crane
38:30 Masonry
38:43 Ballistics
39:23 Chemistry
anny52086
8:17 Loom
10:24 Feudal Age
13:11 Fletching
13:58 Double-Bit Axe
17:29 Castle Age
15:46 Fishing Lines
16:33 Stone Mining
18:51 Bow Saw
19:28 Bodkin Arrow
21:05 Wheelbarrow
23:53 Town Watch
25:54 Scale Barding Armor
25:40 Horse Collar
27:23 Gold Mining
30:43 Chain Barding Armor
34:55 Gold Shaft Mining
35:44 Hand Cart
36:59 Fortified Bastions
40:49 Imperial Age
苍真
11:31 Feudal Age
13:40 Loom
13:53 Double-Bit Axe
14:08 Gold Mining
18:30 Castle Age
17:38 Fletching
29:34 Imperial Age
29:01 Gold Shaft Mining
28:21 Fishing Lines
30:34 Sitting Tiger
30:57 Conscription
32:21 Chemistry
31:40 Fletching
32:25 Gillnets
33:00 Bodkin Arrow
33:52 Bow Saw
33:50 Bracer
35:36 Ballistics
38:32 Wheelbarrow
37:45 Town Watch
38:09 Stone Mining
娘子出來看上帝了
5:19 Loom
11:41 Feudal Age
16:45 Castle Age
15:04 Double-Bit Axe
17:27 Fletching
17:57 Bow Saw
17:29 Fishing Lines
18:07 Town Watch
18:39 Bodkin Arrow
20:47 Horse Collar
25:35 Ballistics
26:24 Wheelbarrow
25:59 Gillnets
28:52 Gold Mining
29:17 Husbandry
33:49 Imperial Age
32:42 Hand Cart
32:45 Treadmill Crane
34:13 Eupseong
35:12 Bracer
36:23 Chemistry
36:35 Arrowslits
37:02 Masonry
37:19 Town Watch
Connection lost

Rejoining the realm…

Still unreachable

The connection could not be restored.

Session expired

The server has moved on; the page needs a fresh start.